 Dungeon Crawl Stone Soup version 0.26-a0-6-g448add79b7 (webtiles) character file.

Game seed: 1314005836433939625, levelgen mode: deterministic

686711 lonelyuniverse the Conqueror (level 27, -11/419 HPs)
             Began as an Ogre Arcane Marksman on May 24, 2020.
             Was the Champion of Ashenzari.
             Mangled by a red draconian monk (15 damage)
             ... on level 4 of the Realm of Zot.
             The game lasted 04:38:34 (82556 turns).

lonelyuniverse the Conqueror (OgAM)                Turns: 82556, Time: 04:38:34

Health: -11/419    AC: 32    Str: 31    XL:     27
Magic:  33/39      EV: 15    Int: 35    God:    Ashenzari [******]
Gold:   4662       SH: 32    Dex:  8    Spells: 13/60 levels left

rFire    + . .     SeeInvis +   D - +11 broad axe "Backscratcher" {flame, Str+3} (curse)
rCold    . . .     Gourm    .   S - +9 kite shield of Ucek {*Contam +Blink Int+8} (curse)
rNeg     + . .     Faith    .   (armour currently unavailable)
rPois    ∞         Spirit   .   (helmet restricted)
rElec    +         Reflect  +   b - +0 cloak of Vudonar {rF- MR+ rCorr Dex+4} (curse)
rCorr    +         Harm     .   (gloves unavailable)
MR       +++..     Clarity  +   (boots unavailable)
Stlth    ++........             z - amulet of Wataoxi Vifi {Reflect rF++ SH+5} (curse)
HPRegen  0.79/turn              v - +4 ring of slaying (curse)
MPRegen  0.26/turn              R - ring "Foyrchek" {rElec Str+4 Int+6 Dex-3 Stlth+} (curse)

@: statue-form, very slightly contaminated, slowed, studying Evocations, very
slow
A: large, unfitting armour, horns 1, large bone plates 1, clumsy 1, low mp 1
}: 4/15 runes: barnacled, slimy, silver, gossamer
a: End Transformation, Curse Item, Scrying, Transfer Knowledge, Renounce
Religion, Evoke Blink


You were on level 4 of the Realm of Zot.
You worshipped Ashenzari.
Ashenzari was exalted by your worship.
You were not hungry.
You were a stone statue.
You visited 12 branches of the dungeon, and saw 57 of its levels.
You also visited: Trove, Ossuary, Bailey, Ice Cave, Volcano and Wizlab.

You collected 9264 gold pieces.
You spent 4602 gold pieces at shops.

Inventory:

Hand Weapons
 r - the +11 war axe of Winter {vorpal, +Rage Str+5}
   (You found it on level 1 of the Realm of Zot)

   It inflicts extra damage upon your enemies.
   It affects your strength (+5).
   It lets you go berserk.
 D - the cursed +11 broad axe "Backscratcher" (weapon) {flame, Str+3}
   (You found it on level 5 of the Pits of Slime)

   It has been specially enchanted to burn those struck by it, causing extra
   injury to most foes and up to half again as much damage against particularly
   susceptible opponents.
   Big, fiery blades are also staple armaments of hydra-hunters.
   It affects your strength (+3).
   It has a curse placed upon it.
Missiles
 l - 14 curare-tipped darts
 x - 50 silver javelins
 y - 14 throwing nets
 I - 138 large rocks (quivered)
Armour
 b - the cursed +0 cloak of Vudonar (worn) {rF- MR+ rCorr Dex+4}
   (You found it on level 9 of the Dungeon)

   It affects your dexterity (+4).
   It makes you vulnerable to fire.
   It affects your resistance to hostile enchantments.
   It provides partial protection from all sources of acid and corrosion.
   It has a curse placed upon it.
 O - the cursed +9 scales of the Dragon King (melded) {rPois rF+ rC+ MR+}
   (You found it in an ice cave)

   It protects you from fire.
   It protects you from cold.
   It protects you from poison.
   It affects your resistance to hostile enchantments.
   It has a curse placed upon it.
 S - the cursed +9 kite shield of Ucek (worn) {*Contam +Blink Int+8}
   (You acquired it on level 9 of the Dungeon)

   It affects your intelligence (+8).
   It lets you blink.
   It causes magical contamination when unequipped.
   It has a curse placed upon it.
Jewellery
 v - a cursed +4 ring of slaying (left hand)
 z - the cursed amulet of Wataoxi Vifi (around neck) {Reflect rF++ SH+5}
   (You took it off an ironbrand convoker on level 5 of the Vaults)

   [amulet of reflection]

   It shields you and reflects attacks.
   It greatly protects you from fire.
   It affects your SH (+5).
   It has a curse placed upon it.
 M - an uncursed amulet of regeneration
 R - the cursed ring "Foyrchek" (right hand) {rElec Str+4 Int+6 Dex-3 Stlth+}
   (You found it on level 3 of the Elven Halls)

   [ring of intelligence]

   It affects your strength (+4).
   It affects your intelligence (+6).
   It affects your dexterity (-3).
   It insulates you from electricity.
   It makes you more stealthy.
   It has a curse placed upon it.
Wands
 c - a wand of clouds (15)
 d - a wand of acid (39)
 t - a wand of digging (5)
 u - a wand of iceblast (31)
 E - a wand of enslavement (11)
Scrolls
 a - 3 scrolls of holy word
 g - 7 scrolls of immolation
 h - 10 scrolls of remove curse
 m - 8 scrolls of blinking
 o - 8 scrolls of magic mapping
 p - 19 scrolls of teleportation
 s - 2 scrolls of amnesia
 C - 2 scrolls of summoning
 K - 9 scrolls of fog
 L - 2 scrolls of silence
 U - 4 scrolls of torment
Potions
 j - 15 potions of haste
 w - 9 potions of berserk rage
 A - 11 potions of brilliance
 B - 24 potions of curing
 F - 5 potions of might
 G - 6 potions of flight
 H - 8 potions of stabbing
 Q - 3 potions of cancellation
 T - 3 potions of resistance
 X - 10 potions of heal wounds
 Z - 6 potions of invisibility
Books
 k - a manual of Evocations
Miscellaneous
 e - 8 boxes of beasts
 i - a tin of tremorstones (2/3)
 n - 9 phantom mirrors
 q - a phial of floods
 W - a lightning rod (4/4)
Comestibles
 f - 76 rations
 J - 4 chunks of flesh


   Skills:
 O Level 27 Fighting
   Level 4.2 Short Blades
 - Level 15.1(19.5) Axes
   Level 7.7(12.5) Polearms
   Level 2.1(5.3) Staves
 - Level 18.2 Throwing
 - Level 14.3(18.3) Armour
 - Level 13.6 Dodging
 - Level 12.3(15.0) Shields
 - Level 17.3 Spellcasting
 - Level 10.4(14.7) Hexes
 - Level 6.1(10.6) Summonings
 - Level 12.4(16.5) Necromancy
 - Level 8.8(13.2) Translocations
 - Level 11.4(15.6) Transmutations
 - Level 3.0(6.8) Air Magic
 - Level 7.2(11.7) Earth Magic
 + Level 13.4(17.5) Evocations


You had 13 spell levels left.
You knew the following spells:

 Your Spells              Type           Power        Failure   Level  Hunger
a - Corona                Hex            #######      0%          1    None
b - Slow                  Hex            #######.     0%          2    None
c - Portal Projectile     Hex/Tloc       ######       0%          3    None
d - Summon Mana Viper     Hex/Summ       #######.     1%          5    None
e - Confusing Touch       Hex            #######.     0%          3    None
f - Invisibility          Hex            #######.     1%          6    None
g - Summon Butterflies    Summ           #######.     0%          1    None
h - Apportation           Tloc           ######       0%          1    None
i - Statue Form           Tmut/Erth      #######..    1%          6    None
j - Silence               Hex/Air        #######...   1%          5    None
k - Aura of Abjuration    Summ           #######...   1%          5    None
l - Passage of Golubria   Tloc           N/A          1%          4    None
m - Borgnjor's Vile Clut  Necr/Erth      #######...   1%          5    None

Your spell library contained the following spells:

 Spells                   Type           Power        Failure   Level  Hunger
 Animate Skeleton         Necr           N/A          0%          1    None
 Beastly Appendage        Tmut           ######       0%          1    None
 Pain                     Necr           ####         0%          1    None
 Sandblast                Erth           ######       0%          1    None
 Summon Small Mammal      Summ           ####         0%          1    None
 Blink                    Tloc           N/A          0%          2    None
 Corpse Rot               Necr/Air       N/A          0%          2    None
 Passwall                 Tmut/Erth      #######.     0%          2    None
 Sticks to Snakes         Tmut           #######.     0%          2    None
 Sublimation of Blood     Necr           #######...   0%          2    None
 Gell's Gravitas          Tloc           #######...   0%          3    None
 Lesser Beckoning         Tloc           #######...   0%          3    None
 Teleport Other           Tloc           #######.     0%          3    None
 Tukima's Dance           Hex            #######.     0%          3    None
 Animate Dead             Necr           N/A          0%          4    None
 Dispel Undead            Necr           #######.     0%          4    None
 Foxfire                  Conj/Fire      ####         1%          1    None
 Infusion                 Chrm           ####         1%          1    None
 Magic Dart               Conj           ####         1%          1    None
 Shock                    Conj/Air       ####         1%          1    None
 Sting                    Tmut/Pois      ####         1%          1    None
 Call Imp                 Summ           #######.     1%          2    None
 Searing Ray              Conj           #####.       1%          2    None
 Shroud of Golubria       Chrm/Tloc      ######       1%          2    None
 Swiftness                Chrm/Air       ######..     1%          2    None
 Call Canine Familiar     Summ           #######.     1%          3    None
 Dazzling Flash           Conj/Hex       ######       1%          3    None
 Ignite Poison            Fire/Tmut/Pois ######..     1%          3    None
 Inner Flame              Hex/Fire       ######..     1%          3    None
 Recall                   Summ/Tloc      N/A          1%          3    None
 Spectral Weapon          Hex/Chrm       ######..     1%          3    None
 Static Discharge         Conj/Air       ######..     1%          3    None
 Stone Arrow              Conj/Erth      ######       1%          3    None
 Summon Guardian Golem    Hex/Summ       #######.     1%          3    None
 Airstrike                Air            ######....   1%          4    None
 Cause Fear               Hex            #######...   1%          4    None
 Fulminant Prism          Conj/Hex       ######....   1%          4    None
 Ice Form                 Ice/Tmut       ######..     1%          4    None
 Iskenderun's Mystic Bla  Conj/Tloc      ######..     1%          4    None
 Leda's Liquefaction      Hex/Erth       #######...   1%          4    None
 Petrify                  Tmut/Erth      #######.     1%          4    None
 Summon Ice Beast         Ice/Summ       ######..     1%          4    None
 Summon Lightning Spire   Summ/Air       #######.     1%          4    None
 Agony                    Necr           #######.     1%          5    None
 Alistair's Intoxication  Tmut/Pois      ######..     1%          5    None
 Irradiate                Conj/Tmut      ######....   1%          5    None
 Lee's Rapid Deconstruct  Erth           #######...   1%          5    None
 Metabolic Englaciation   Hex/Ice        ######....   1%          5    None
 Summon Demon             Summ           #######...   1%          5    None
 Summon Forest            Summ/Tloc      #######...   1%          5    None
 Yara's Violent Unravell  Hex/Tmut       #######...   1%          5    None
 Death Channel            Necr           #######...   1%          6    None
 Dispersal                Tloc           #######...   1%          6    None
 Hydra Form               Tmut           #######...   1%          6    None
 Dragon Form              Tmut           #######...   1%          7    ###....
 Conjure Flame            Conj/Fire      #####...     2%          3    None
 Shadow Creatures         Summ           N/A          2%          6    None
 Bolt of Magma            Conj/Fire/Erth ######....   5%          5    None
 Simulacrum               Ice/Necr       ######....   5%          6    None
 Eringya's Noxious Bog    Tmut/Pois      ######....   6%          6    None
 Lightning Bolt           Conj/Air       ######....   7%          5    None
 Sticky Flame             Conj/Fire      #####...     9%          4    None
 Summon Hydra             Summ           #######...   13%         7    ###....
 Iron Shot                Conj/Erth      ######....   14%         6    None
 Fireball                 Conj/Fire      #####.....   24%         5    None
 Iskenderun's Battlesphe  Conj/Chrm      #####...     24%         5    None
 Controlled Blink         Tloc           N/A          34%         8    #####..
 Conjure Ball Lightning   Conj/Air       ######....   36%         6    None
 Freezing Cloud           Conj/Ice/Air   #####.....   50%         6    None
 Spellforged Servitor     Conj/Summ      ######....   67%         7    ###....
 Ozocubu's Refrigeration  Ice            #####.....   80%         6    None
 Lehudib's Crystal Spear  Conj/Erth      ######....   99%         8    #####..
 Orb of Destruction       Conj           #####.....   100%        7    ###....
 Ring of Flames           Chrm/Fire      #####.....   100%        7    ###....
 Chain Lightning          Conj/Air       ######....   100%        8    #####..
 Absolute Zero            Ice            #####.....   100%        9    ######.
 Dragon's Call            Summ           #######...   100%        9    ######.
 Fire Storm               Conj/Fire      #####.....   100%        9    ######.
 Shatter                  Erth           #######...   100%        9    ######.


Dungeon Overview and Level Annotations

Branches:
Dungeon (15/15)            Temple (1/1) D:7            Lair (6/6) D:9
 Shoals (4/4) Lair:3       Spider (4/4) Lair:2        Slime (5/5) Lair:5
    Orc (2/2) D:11            Elf (3/3) Orc:2        Vaults (5/5) D:14
  Crypt (3/3) Vaults:3       Tomb (0/3) Crypt:3      Depths (5/5) D:15
    Zot (4/5) Depths:5    Ossuary (visited)          Bailey (visited)
  IceCv (visited)         Volcano (visited)          WizLab (visited)

Altars:
Ashenzari
Cheibriados
Dithmenos
Elyvilon
Fedhas
Gozag
Hepliaklqana
Kikubaaqudgha
Makhleb
Nemelex Xobeh
Okawaru
Qazlal
Ru
Sif Muna
Trog
Uskayaw
Vehumet
Wu Jian
Xom
Yredelemnul
Zin
The Shining One
Beogh
Jiyva

Shops:
D:9 [*[[   D:13 *   D:14 (   Orc:2 %(:%   Elf:2 :=   Elf:3 [   Shoals:2 *
Vaults:1 ?   Vaults:2 !   Vaults:3 [(   Depths:1 *}=}

Portals:
Hell: Depths:1 Depths:2 Depths:3 Depths:4 Depths:5
Abyss: Depths:1 Depths:2 Depths:3 Depths:4
Pandemonium: Depths:3 Depths:5
Ziggurat: Depths:4

Annotations:
D:4 3 runed translucent doors, DerDa's ghost, novice MfIE
D:5 1 runed translucent door, omer1ben's ghost, novice DrFE


Innate Abilities, Weirdness & Mutations

You are too large for most types of armour.
((You have tough skin. (AC +1)))
You have a pair of small horns on your head.
((You are partially covered in iridescent scales. (AC +2)))
You are partially covered in large bone plates. (SH +4)
You are clumsy. (Dex -2)
Your magical capacity is low. (-10% MP)


Message History

As you read the scroll of blinking, it crumbles to dust.
You block the red draconian's attack.
The electric golem crackles and sizzles.
You block the red draconian monk's attack.
The red draconian monk kicks you but does no damage.
The red draconian monk misses you. You block the red draconian's attack.
The electric golem hits you.
* * * LOW HITPOINT WARNING * * *
The electric golem shocks you. You resist.
* * * LOW HITPOINT WARNING * * *
You block the electric golem's attack. x2; The electric golem misses you.
The red draconian monk hits you.
* * * LOW HITPOINT WARNING * * *
The red draconian monk completely misses you.
You block the red draconian monk's attack.
The black draconian rages.
The electric golem misses you. The electric golem closely misses you.
The electric golem completely misses you.
The electric golem barely misses you. The red draconian monk hits you!
You die...

*, , , ,* * , , , * ,,, , ,
, * ** , .....## * ,* ,
###.......## * ,*
,##.##.......** * ,##,,
##...##....#, * *,
##..,##q8...##...##,, *
,.#...d#Dq8#...#....##,,**
** ....†y)dq###........## *
,, ,......)d##,##........##
* **, ,
.......##...#...).).).##..
* ,,,,,....%.#*
.......<)........ ,,,,
.....# ,........)[........
,
,....#*,...................
,,,,...#
,,.)................. * ,*
,...* ,...........<....#..


You could see an electric golem, 3 draconians, a golden dragon (berserk), a
black draconian (berserk), a red draconian (berserk) and a moth of wrath.

Vanquished Creatures
  the Royal Jelly (Slime:5)
  Khufu (Crypt:3)
  An ancient lich (Depths:4)
  An orb of fire (Zot:3)
  A juggernaut (Depths:4)
  Boris (Crypt:2)
  A curse toe (Zot:2)
  4 caustic shrikes (Depths:4)
  10 golden dragons
  A profane servitor (Crypt:3)
  A Hellbinder (WizLab)
  Jory (Vaults:5)
  Arachne (Spider:4)
  3 bone dragons
  7 liches
  11 tentacled monstrosities
  The ghost of Exief the Covert, an adept GnWn of Ashenzari (Spider:2)
  A deep elf blademaster (Elf:3)
  4 quicksilver dragons
  3 deep elf master archers (Elf:3)
  20 acid blobs
  8 titans
  3 sphinxes
  10 death cobs
  A kraken (Shoals:4)
  An ancient champion (Crypt:3)
  4 shadow dragons
  Roxanne (Elf:3)
  12 storm dragons
  2 revenants
  9 azure jellies
  4 tengu reavers (Vaults:5)
  A draconian monk (Zot:2)
  9 fire giants
  16 vault wardens
  9 frost giants
  3 draconian knights (Zot:2)
  4 draconian scorchers
  4 ghost moths
  15 deep elf sorcerers
  Aizul (Depths:1)
  The ghost of Holzbalken the Peltast, an adept GrFi of Qazlal (Spider:2)
  4 deep elf elementalists
  3 emperor scorpions (Spider:4)
  An iron dragon (Depths:4)
  A draconian stormcaller (Depths:5)
  2 balrugs (WizLab)
  22 ironheart preservers
  2 war gargoyles (Vaults:5)
  4 draconian shifters
  8 ghouls
  5 spriggan defenders
  5 draconian annihilators
  A blood saint (WizLab)
  14 very ugly things
  The ghost of Foummu the Eclecticist, an adept SpEn of Gozag (Spider:2)
  8 green draconians
  22 stone giants
  6 entropy weavers
  4 black draconians
  A lorocyproca (WizLab)
  5 deep elf demonologists
  6 vampire knights
  13 white draconians
  17 deep elf annihilators
  9 red draconians
  17 spark wasps
  4 purple draconians
  17 yellow draconians
  3 blizzard demons (WizLab)
  14 deep elf death magi
  17 ettins
  6 merfolk javelineers (Shoals:4)
  A green death (WizLab)
  9 death oozes (Slime:5)
  2 mummy priests (Crypt:3)
  11 fire dragons
  14 great orbs of eyes
  8 deep elf high priests
  14 jiangshi
  5 merfolk impalers
  14 yaktaur captains
  A quicksilver dragon skeleton (Crypt:1)
  10 ice dragons
  5 hydras
  The ghost of Bimyxir the Spry, a journeyman FeCj of Nemelex Xobeh (Spider:2)
  Harold (Lair:1)
  35 vault guards
  2 rakshasas
  12 spriggan air magi
  8 death knights
  4 merfolk avatars (Shoals:4)
  4 merfolk aquamancers (Shoals:4)
  14 centaur warriors
  2 satyrs
  2 alligator snapping turtles (Shoals:4)
  5 catoblepae
  15 deep troll shamans
  7 tengu warriors
  A titan zombie (Vaults:4)
  16 deep troll earth magi
  3 hell hogs (Depths:2)
  36 two-headed ogres
  14 death yaks
  3 vampire magi
  14 ogre magi
  4 orc high priests
  22 dancing weapons
  7 spriggan berserkers
  2 sun demons (WizLab)
  A queen ant (shapeshifter) (Vaults:5)
  4 soul eaters
  A storm dragon zombie (Vaults:4)
  Urug (Lair:3)
  A titan skeleton (Vaults:4)
  8 shadow wraiths
  Sonja (D:10)
  36 deep elf knights
  36 deep trolls
  3 iron trolls
  9 flayed ghosts
  28 skeletal warriors
  10 sea snakes
  An unseen horror (shapeshifter) (Vaults:1)
  2 sixfirhies (WizLab)
  3 unseen horrors
  An anaconda zombie (Crypt:3)
  A shadow demon (WizLab)
  4 glowing orange brains
  20 ironbrand convokers
  An obsidian statue (Vaults:1)
  6 necromancers
  4 wizards
  A harpy (shapeshifter) (Vaults:3)
  12 orc knights
  A lindwurm (shapeshifter) (Depths:2)
  A large abomination (Crypt:3)
  A shadow dragon zombie (Vaults:3)
  27 deep elf archers
  22 harpies
  9 shining eyes
  11 phantasmal warriors
  36 wolf spiders
  Pikel (D:5)
  An anaconda skeleton (Crypt:2)
  23 orb spiders
  34 ugly things
  A cyclops (shapeshifter) (Elf:3)
  A mana viper (shapeshifter) (Depths:1)
  6 orc sorcerers
  84 deep elf magi
  A sphinx skeleton (Vaults:3)
  10 manticores
  A moth of wrath (shapeshifter) (Depths:4)
  7 fauns
  A shadow dragon skeleton (Vaults:3)
  An oklob plant (Lair:5)
  2 rust devils (WizLab)
  A salamander (Depths:3)
  14 cyclopes
  A guardian serpent (shapeshifter) (Elf:2)
  23 moths of wrath
  15 elephants
  Psyche (D:9)
  A salamander (shapeshifter) (Depths:4)
  A water nymph (shapeshifter) (Depths:3)
  Joseph (D:7)
  An ice statue (IceCv)
  A black mamba (Lair:1)
  2 merfolk sirens
  19 vault sentinels
  4 human skeletons
  Maurice (D:13)
  3 gargoyles
  4 water nymphs
  A frost giant skeleton (Crypt:2)
  3 eyes of devastation
  2 catoblepas zombies (Crypt:1)
  2 orange demons (WizLab)
  2 smoke demons (WizLab)
  6 spiny frogs
  Maggie (D:8)
  A rime drake (shapeshifter) (Depths:3)
  2 torpor snails (Spider:4)
  71 yaktaurs
  7 rime drakes
  17 demonic crawlers
  6 small abominations
  6 centaur skeletons
  A hellion (WizLab)
  8 freezing wraiths
  A yaktaur zombie (Vaults:2)
  5 komodo dragons
  A yaktaur (shapeshifter) (Vaults:1)
  3 kobold demonologists
  2 efreet
  2 hellwings (WizLab)
  3 tengu conjurers
  A tormentor (WizLab)
  9 guardian mummies
  2 red devils (WizLab)
  2 ice devils (WizLab)
  18 polar bears
  37 jumping spiders
  7 trolls
  2 wind drakes
  A sea snake skeleton (Crypt:2)
  30 merfolk
  6 snapping turtles
  A wolf spider simulacrum (Crypt:3)
  12 hornets
  A harpy skeleton (D:15)
  A tengu simulacrum (Vaults:3)
  11 hippogriffs
  16 blink frogs
  A snapping turtle (shapeshifter) (Depths:4)
  A bog body (Crypt:2)
  83 slime creatures
  2 human simulacra
  2 air elementals
  A fire giant simulacrum (Crypt:3)
  51 flying skulls
  Sigmund (D:4)
  A jumping spider zombie (Crypt:1)
  82 redbacks
  A guardian serpent skeleton (Crypt:1)
  37 tarantellas
  A redback (shapeshifter) (Depths:2)
  3 spriggans
  7 water elementals
  A spriggan (shapeshifter) (Vaults:5)
  42 yaks
  A tarantella (shapeshifter) (Vaults:5)
  4 shadows
  13 wraiths
  4 wyverns
  5 basilisks
  9 fire elementals
  2 humans
  4 golden eyes (Slime:4)
  A steam dragon (Lair:4)
  12 vampire mosquitoes
  2 hungry ghosts
  2 neqoxecs (WizLab)
  An elf skeleton (Vaults:2)
  A warg (Orc:1)
  An insubstantial wisp (D:15)
  A swamp worm (shapeshifter) (Vaults:5)
  An acid dragon (D:13)
  Duvessa (D:5)
  6 hell hounds (Depths:2)
  14 water moccasins
  4 porcupines
  3 floating eyes
  2 hornet zombies
  4 ice beasts
  2 slaves (D:5)
  42 orc warriors
  3 black bears
  7 eyes of draining
  6 phantoms
  A meliai simulacrum (D:13)
  4 sky beasts
  6 necrophages
  An eye of draining (shapeshifter) (Vaults:4)
  An ettin simulacrum (Vaults:2)
  16 wolves
  27 ogres
  33 centaurs
  17 boggarts
  9 crocodiles
  9 big kobolds
  2 elf zombies (Ossuary)
  19 bullfrogs
  A deep troll simulacrum (Vaults:2)
  2 earth elementals
  3 wyvern zombies
  A water moccasin zombie (D:7)
  Dowan (D:5)
  A wyvern skeleton (D:12)
  2 scorpions
  A snapping turtle simulacrum (Crypt:1)
  5 killer bees (D:13)
  9 wights
  2 electric eels
  3 howler monkeys
  9 crimson imps
  5 centaur zombies
  3 bullfrog zombies
  A quasit (D:13)
  8 jellies
  35 orc priests
  6 hounds
  5 human zombies
  A demonspawn skeleton (Crypt:2)
  22 orc wizards
  3 bullfrog skeletons
  4 gnoll shamans (D:14)
  4 iguanas
  A troll simulacrum (Crypt:3)
  7 worker ants
  4 big kobold zombies (Ossuary)
  A dwarf zombie (Crypt:1)
  An acid dragon skeleton (Crypt:2)
  2 hound zombies
  3 mummies (Ossuary)
  22 gnolls
  12 adders
  5 shadow imps
  A white imp (Depths:1)
  An ufetubus (Depths:5)
  2 oozes (D:6)
  2 adder zombies (Ossuary)
  2 adder skeletons (D:4)
  A worm (D:4)
  A ball lightning (Spider:2)
  2 dart slugs (D:1)
  3 leopard geckos
  107 orcs
  2 ball pythons
  A bat skeleton (Crypt:1)
  5 giant cockroaches
  9 goblins
  15 hobgoblins
  4 jackals (D:7)
  23 kobolds
  5 quokkas
  6 bats
  3 frilled lizards
  A gnoll zombie (Ossuary)
  A goblin skeleton (Crypt:1)
  4 goblin zombies (Ossuary)
  4 hobgoblin zombies (Ossuary)
  5 jackal zombies (Ossuary)
  5 kobold zombies (Ossuary)
  A leopard gecko zombie (D:6)
  An orc zombie (Ossuary)
  3 quokka zombies (Ossuary)
  10 rats
  A rat skeleton (Crypt:2)
  2 rat zombies (Ossuary)
  A bush (D:11)
  A butterfly (Lair:2)
  A crawling corpse (Elf:3)
  4 fungi (D:14)
  2 plants
  4 tentacles (Shoals:4)
2704 creatures vanquished.

Vanquished Creatures (others)
  A tentacled monstrosity (Zot:2)
  A war gargoyle (Vaults:5)
  A vampire knight (Depths:1)
  A deep elf annihilator (Elf:3)
  A red draconian (Zot:3)
  3 deep elf knights
  2 deep elf magi
  A manticore (Shoals:1)
  A moth of wrath (Zot:3)
  A redback (Spider:1)
  A yak (D:12)
  2 wolves (IceCv)
  A crocodile (shapeshifter) (Vaults:5)
  3 ball lightnings (Spider:2)
  6 bushes (D:14)
  A crawling corpse (Elf:3)
  4 fungi
  6 plants
  5 tentacles (Shoals:4)
42 creatures vanquished.

Grand Total: 2746 creatures vanquished

Notes
Turn   | Place    | Note
-------+----------+-------------------------------------------
     0 | D:1      | lonelyuniverse the Ogre Arcane Marksman began the quest for
                  | the Orb.
     0 | D:1      | Reached XP level 1. HP: 19/19 MP: 2/2
    74 | D:1      | Reached skill level 2 in Fighting
   457 | D:1      | Reached XP level 2. HP: 17/29 MP: 3/3
   621 | D:1      | Reached skill level 3 in Fighting
  1372 | D:2      | Reached XP level 3. HP: 37/39 MP: 1/4
  1376 | D:2      | Noticed a phantom
  1393 | D:2      | Reached skill level 4 in Fighting
  1428 | D:2      | Learned a level 2 spell: Slow
  2307 | D:2      | Killed a phantom
  2307 | D:2      | Reached XP level 4. HP: 42/48 MP: 3/9
  2307 | D:2      | Reached XP level 5. HP: 48/54 MP: 3/10
  2344 | D:2      | Learned a level 3 spell: Portal Projectile
  3533 | D:4      | Noticed a phantom
  3864 | D:3      | Reached skill level 1 in Translocations
  4257 | D:3      | Reached skill level 5 in Fighting
  4291 | D:3      | Reached XP level 6. HP: 27/66 MP: 3/11
  5345 | D:4      | Noticed a sky beast
  5434 | D:4      | HP: 2/67 [adder (4)]
  6355 | D:4      | Reached skill level 1 in Polearms
  6549 | D:4      | Noticed DerDa's ghost (novice MfIE)
  6549 | D:4      | Noticed a phantom
  6554 | D:4      | Found a runed translucent gate.
  6554 | D:4      | Found a runed translucent gate.
  6693 | D:4      | Noticed Sigmund
  6705 | D:4      | Killed Sigmund
  6705 | D:4      | Reached XP level 7. HP: 53/74 MP: 0/12
  7518 | D:4      | Found a runed translucent gate.
  7584 | D:5      | Entered Level 5 of the Dungeon
  7690 | D:5      | Found a white marble altar of Elyvilon.
  7745 | D:5      | Found a sparkling altar of Nemelex Xobeh.
  7829 | D:5      | Noticed Duvessa
  7981 | D:5      | Found a runed translucent door.
  7982 | D:5      | Noticed omer1ben's ghost (novice DrFE)
  8036 | D:5      | Reached skill level 5 in Polearms
  8036 | D:5      | Reached XP level 8. HP: 57/83 MP: 3/13
  8574 | D:5      | Found a basalt altar of Yredelemnul.
  9003 | D:5      | Noticed Dowan
  9195 | D:5      | Killed Duvessa
  9195 | D:5      | Reached skill level 5 in Throwing
  9222 | D:5      | Killed Dowan
  9698 | D:5      | Noticed Pikel
  9864 | D:5      | Killed Pikel
  9864 | D:5      | Reached skill level 5 in Hexes
 10237 | D:6      | Found a sand-covered staircase.
 10304 | Ossuary  | Entered an ossuary
 10309 | Ossuary  | Learned a level 3 spell: Inner Flame
 10313 | Ossuary  | Learned a level 3 spell: Confusing Touch
 10465 | Ossuary  | Reached XP level 9. HP: 64/89 MP: 14/14
 11136 | Ossuary  | Reached skill level 6 in Fighting
 11979 | D:6      | Reached skill level 7 in Fighting
 12065 | D:6      | Reached skill level 8 in Fighting
 12717 | D:6      | Got a pitted rapier
 12740 | D:6      | Found an ancient bone altar of Kikubaaqudgha.
 14392 | D:6      | Reached XP level 10. HP: 93/104 MP: 7/16
 14478 | D:7      | Identified the +12 rapier of the Skies Above {venom,
                  | *Corrode rPois rN+ Str+6} (You found it on level 6 of the
                  | Dungeon)
 14523 | D:7      | Reached skill level 1 in Short Blades
 14917 | D:7      | Found a staircase to the Ecumenical Temple.
 14934 | Temple   | Entered the Ecumenical Temple
 14984 | Temple   | Became a worshipper of Ashenzari the Shackled
 15158 | D:7      | Noticed Joseph
 15170 | D:7      | Killed Joseph
 15587 | D:8      | Noticed a two-headed ogre
 15591 | D:8      | Killed a two-headed ogre
 15591 | D:8      | Reached skill level 5 in Short Blades
 15866 | D:8      | Noticed a two-headed ogre
 15896 | D:8      | Killed a two-headed ogre
 15896 | D:8      | Reached skill level 1 in Evocations
 15915 | D:8      | Learned a level 4 spell: Leda's Liquefaction
 16106 | D:8      | Noticed a two-headed ogre
 16127 | D:8      | Killed a two-headed ogre
 16127 | D:8      | Reached XP level 11. HP: 98/111 MP: 9/17
 16197 | D:8      | Noticed Maggie
 16211 | D:8      | Killed Maggie
 16690 | D:9      | Noticed Psyche
 16699 | D:9      | Killed Psyche
 16760 | D:9      | Found Kayvol's Armour Boutique.
 16802 | D:9      | Found Eskesebo's Antique Armour Shop.
 16815 | D:9      | Found Hyerhypry's Armour Shop.
 16930 | D:9      | Noticed a cyclops
 16982 | D:9      | Killed a cyclops
 17055 | D:9      | Noticed a two-headed ogre
 17077 | D:9      | Killed a two-headed ogre
 17077 | D:9      | Reached skill level 9 in Fighting
 17194 | D:9      | Got the uncursed cloak of Vudonar {rF- MR+ rCorr Dex+4}
 17205 | D:9      | Identified the +0 cloak of Vudonar {rF- MR+ rCorr Dex+4}
                  | (You found it on level 9 of the Dungeon)
 17253 | D:9      | Found a staircase to the Lair.
 17432 | D:9      | Reached skill level 10 in Fighting
 17532 | D:9      | Found Tocic's Assorted Antiques.
 17535 | D:9      | Bought a scroll labeled KACU VUSATY for 27 gold pieces
 17535 | D:9      | Bought a viscous green potion for 24 gold pieces
 17535 | D:9      | Bought a scroll labeled DOAROLUBBICW for 27 gold pieces
 17704 | D:9      | Bought a scroll of remove curse for 81 gold pieces
 17831 | D:10     | Entered Level 10 of the Dungeon
 17831 | D:10     | Noticed Sonja
 17840 | D:10     | Killed Sonja
 17928 | D:10     | Noticed a two-headed ogre
 17934 | D:10     | Killed a two-headed ogre
 18041 | D:10     | Found an ornate altar of the Wu Jian Council.
 18092 | D:10     | Reached * piety under Ashenzari
 18289 | D:10     | Identified the +5 robe "Hodghoffir" {rElec Str+2 Int+6
                  | Dex-5}
 18421 | D:11     | Reached XP level 12. HP: 128/128 MP: 18/18
 18474 | D:11     | Reached skill level 10 in Short Blades
 18744 | D:11     | Found a flagged portal.
 18766 | Bailey   | Entered a bailey
 18917 | Bailey   | Learned a level 1 spell: Summon Butterflies
 19489 | D:11     | Noticed a two-headed ogre
 19496 | D:11     | Killed a two-headed ogre
 19496 | D:11     | Reached skill level 1 in Armour
 19954 | D:11     | Found a staircase to the Orcish Mines.
 20479 | D:9      | Bought a shiny kite shield for 232 gold pieces
 20490 | D:9      | Got the cursed +9 kite shield of Ucek {*Contam +Blink
                  | Int+8}
 20834 | Lair:1   | Entered Level 1 of the Lair of Beasts
 20860 | Lair:1   | Noticed Harold
 20881 | Lair:1   | Killed Harold
 21539 | Lair:2   | Reached ** piety under Ashenzari
 21588 | Lair:2   | Noticed a six-headed hydra
 21597 | Lair:2   | Killed a six-headed hydra
 21597 | Lair:2   | Reached skill level 5 in Shields
 22072 | Lair:2   | Reached XP level 13. HP: 129/135 MP: 19/19
 22172 | Lair:2   | Found a hole to the Spider Nest.
 22733 | Lair:3   | Found a frozen archway.
 22759 | IceCv    | Entered an ice cave
 22863 | IceCv    | Reached skill level 5 in Armour
 23816 | IceCv    | Noticed a frost giant
 23823 | IceCv    | Killed a frost giant
 23882 | IceCv    | Found the +9 scales of the Dragon King {rPois rF+ rC+ MR+}
 24010 | Lair:3   | Reached *** piety under Ashenzari
 24172 | Lair:3   | Found a staircase to the Shoals.
 24738 | Lair:3   | Noticed Urug
 24753 | Lair:3   | Killed Urug
 25450 | Lair:3   | Learned a level 1 spell: Apportation
 25527 | Lair:4   | Reached **** piety under Ashenzari
 27418 | Lair:5   | Found a dark tunnel.
 27428 | Volcano  | Entered a volcano
 27436 | Volcano  | Reached XP level 14. HP: 139/144 MP: 20/20
 27852 | Lair:5   | Reached ***** piety under Ashenzari
 27861 | Lair:5   | Found a staircase to the Slime Pits.
 28532 | Orc:1    | Entered Level 1 of the Orcish Mines
 29266 | Orc:2    | Entered Level 2 of the Orcish Mines
 29270 | Orc:2    | Reached skill level 11 in Fighting
 29453 | Orc:2    | Found Niz Kacs's Food Shoppe.
 29502 | Orc:2    | Reached skill level 12 in Fighting
 29525 | Orc:2    | Found Doschugy's Book Boutique.
 29552 | Orc:2    | Found Amigarph's Weapon Boutique.
 29559 | Orc:2    | Found Quraag's Food Shoppe.
 29882 | Orc:2    | Reached skill level 13 in Fighting
 29931 | Orc:2    | Found a roughly hewn altar of Beogh.
 30125 | Orc:2    | Found a staircase to the Elven Halls.
 30540 | Lair:6   | Entered Level 6 of the Lair of Beasts
 30869 | Lair:6   | Reached skill level 5 in Dodging
 31113 | Lair:6   | Reached XP level 15. HP: 161/161 MP: 21/21
 31191 | Lair:6   | Reached skill level 14 in Fighting
 31506 | Lair:6   | Reached skill level 15 in Fighting
 32494 | D:12     | Reached skill level 16 in Fighting
 32693 | D:12     | Reached ****** piety under Ashenzari
 33499 | D:13     | Noticed Maurice
 33505 | D:13     | Killed Maurice
 33555 | D:13     | Reached skill level 17 in Fighting
 33890 | D:13     | Found Vicalony's Demolitions Depot.
 34357 | D:14     | Reached skill level 18 in Fighting
 34429 | D:14     | Reached XP level 16. HP: 180/185 MP: 22/22
 34678 | D:14     | Found Zeejeure's Antique Weapon Boutique.
 34690 | D:14     | Reached skill level 10 in Shields
 35437 | D:14     | Found a gate to the Vaults.
 35454 | D:14     | Reached skill level 10 in Armour
 35921 | D:15     | Entered Level 15 of the Dungeon
 36712 | D:15     | Found a staircase to the Depths.
 37194 | Spider:1 | Entered Level 1 of the Spider Nest
 37761 | Spider:1 | Identified the +11 short sword "Gicraoby" {protect, *Slow
                  | Int+3 Dex+5}
 37910 | Spider:1 | Reached skill level 5 in Spellcasting
 37910 | Spider:1 | Reached XP level 17. HP: 193/193 MP: 22/25
 38077 | Spider:2 | Reached XP level 18. HP: 204/204 MP: 26/26
 38270 | Spider:2 | Found a roughly hewn altar of Beogh.
 38368 | Spider:2 | Noticed Exief's ghost (adept GnWn)
 38369 | Spider:2 | Found a runed translucent gate.
 38369 | Spider:2 | Found a runed translucent gate.
 38369 | Spider:2 | Noticed Foummu's ghost (adept SpEn)
 38369 | Spider:2 | Noticed Bimyxir's ghost (journeyman FeCj)
 38370 | Spider:2 | Found a runed translucent gate.
 38370 | Spider:2 | Noticed Holzbalken's ghost (adept GrFi)
 38408 | Spider:2 | Killed Exief's ghost
 38418 | Spider:2 | Killed Foummu's ghost
 38422 | Spider:2 | Killed Bimyxir's ghost
 38450 | Spider:2 | Killed Holzbalken's ghost
 38864 | Spider:3 | Reached skill level 10 in Throwing
 39609 | Spider:3 | Identified the +5 shortbow "Jyikut" {venom, +Fly rElec rN+
                  | Dex-2}
 39866 | Spider:4 | Entered Level 4 of the Spider Nest
 41865 | Spider:4 | Reached XP level 19. HP: 161/211 MP: 27/27
 41993 | Spider:4 | Noticed Arachne
 42011 | Spider:4 | Killed Arachne
 42026 | Spider:4 | Got a gossamer rune of Zot
 42443 | Elf:1    | Entered Level 1 of the Elven Halls
 43676 | Elf:2    | Reached skill level 19 in Fighting
 43823 | Elf:2    | Found Tarcholu's One-of-a-Kind Books.
 43982 | Elf:2    | Learned a level 5 spell: Yara's Violent Unravelling
 44033 | Elf:2    | Reached skill level 1 in Transmutations
 44112 | Elf:2    | Found Hoysuan's Jewellery Shoppe.
 44244 | Elf:2    | Found a huge runed translucent gate.
 44246 | Elf:2    | Found a huge runed translucent gate.
 44246 | Elf:2    | Found a huge runed translucent gate.
 44247 | Elf:2    | Found a huge runed translucent gate.
 44247 | Elf:2    | Found a huge runed translucent gate.
 44890 | Elf:2    | Reached skill level 5 in Transmutations
 45138 | Elf:3    | Entered Level 3 of the Elven Halls
 45140 | Elf:3    | Identified Roxanne's Disquisition on Moulding
 45140 | Elf:3    | Noticed Roxanne
 45184 | Elf:3    | Found Zeurph's Armour Boutique.
 45417 | Elf:3    | Reached XP level 20. HP: 181/226 MP: 29/31
 45724 | Elf:3    | Killed Roxanne
 46055 | Elf:3    | Identified the cursed +0 flail of Compassion {freeze,
                  | *Drain +Inv rN+++ Dex-4}
 46095 | Elf:3    | Identified the +2 trident of Fedhas's Reproof {drain, +Inv
                  | rC- MP+9}
 46209 | Elf:3    | Identified the cursed +0 shortbow "Beetlebane" {vorpal,
                  | *Slow +Inv rPois Dex+4}
 46220 | Elf:3    | Identified the ring "Foyrchek" {rElec Str+4 Int+6 Dex-3
                  | Stlth+}
 46224 | Elf:3    | Identified the +4 morningstar "Arbiter" {drain, MR+}
 46242 | Elf:3    | Reached skill level 15 in Throwing
 46247 | Elf:3    | Identified the Tome of Scorching Dark Secrets
 46266 | Elf:3    | Identified the Disquisition on Sinister Rituals
 46273 | Elf:3    | Identified the Almanac of Combat Magic
 46306 | Elf:3    | Identified the Grimoire of Unstable Enhancements
 46422 | Elf:3    | Identified the Disquisition on Confrontation and Flight
 46487 | Elf:3    | Identified the +10 rapier of Anguish {vorpal, +Fly rElec
                  | rC+ MP-9}
 47034 | Elf:3    | Reached skill level 20 in Fighting
 47512 | Elf:3    | Learned a level 6 spell: Statue Form
 47625 | Elf:2    | Bought Toerin's Further Progress in Witchcraft for 1235
                  | gold pieces
 47631 | Elf:2    | Learned a level 5 spell: Silence
 47637 | Elf:2    | Learned a level 5 spell: Aura of Abjuration
 47874 | Vaults:1 | Entered Level 1 of the Vaults
 48057 | Vaults:1 | Reached skill level 1 in Air Magic
 48171 | D:13     | Bought a manual of Evocations for 1987 gold pieces
 48678 | Vaults:1 | Found Gaewk's Magic Scroll Boutique.
 48729 | Vaults:1 | Bought a scroll of blinking for 105 gold pieces
 49033 | Vaults:1 | Reached XP level 21. HP: 237/237 MP: 34/34
 49263 | Vaults:1 | Reached skill level 5 in Evocations
 49457 | Vaults:1 | Reached skill level 5 in Earth Magic
 50632 | Vaults:2 | Found Yprouqyg's Distillery.
 50665 | Vaults:2 | Bought a potion of resistance for 180 gold pieces
 51349 | Vaults:2 | Found a portal to a secret trove of treasure.
 51590 | Vaults:2 | Reached skill level 10 in Evocations
 51760 | Vaults:2 | Reached skill level 10 in Transmutations
 52442 | Vaults:3 | Reached XP level 22. HP: 191/247 MP: 35/35
 52455 | Vaults:3 | Found Upatwe Takh's Weapon Emporium.
 52559 | Vaults:3 | Found a magical portal.
 52620 | WizLab   | Reached skill level 1 in Summonings
 52867 | WizLab   | Gained mutation: Armour fits poorly on your strangely
                  | shaped body. [a neqoxec]
 53003 | WizLab   | Noticed Kidokk
 53009 | WizLab   | Killed Kidokk the Hellbinder
 53022 | WizLab   | Found a burning altar of Makhleb.
 53029 | WizLab   | Identified the ring of Finality {rPois MP+9}
 53067 | WizLab   | Identified the amulet "Niakex" {Inacc Int+3}
 53122 | WizLab   | Identified Reseduam's Catalogue of Calling
 53373 | Vaults:3 | Reached skill level 1 in Staves
 53854 | Vaults:3 | Found a staircase to the Crypt.
 54011 | Vaults:3 | Found Ruufas Zyha's Antique Armour Shop.
 54161 | Vaults:3 | Reached skill level 5 in Summonings
 54206 | Vaults:3 | Lost mutation: Armour fits poorly on your strangely shaped
                  | body. [potion of mutation]
 54206 | Vaults:3 | Gained mutation: You have sharp toenails. [potion of
                  | mutation]
 54206 | Vaults:3 | Gained mutation: You are partially covered in iridescent
                  | scales. (AC +2) [potion of mutation]
 55486 | Vaults:4 | Identified the cursed +0 tower shield of Xiube {MR+}
 55586 | Vaults:4 | Reached skill level 10 in Dodging
 56302 | Vaults:4 | Reached XP level 23. HP: 256/256 MP: 36/36
 56770 | Shoals:1 | Entered Level 1 of the Shoals
 57844 | Shoals:2 | Found Laanir Noih's Island Escapes.
 57912 | Shoals:2 | Bought a scroll of fog for 28 gold pieces
 57912 | Shoals:2 | Bought a potion of invisibility for 112 gold pieces
 57912 | Shoals:2 | Bought 2 potions of flight for 84 gold pieces
 58660 | Shoals:4 | Entered Level 4 of the Shoals
 59373 | Shoals:4 | Reached skill level 21 in Fighting
 59710 | Shoals:4 | Got a barnacled rune of Zot
 60433 | Depths:1 | Entered Level 1 of the Depths
 60474 | Depths:1 | Learned a level 6 spell: Invisibility
 60504 | Depths:1 | Found Omyschump's Gadget Emporium.
 60505 | Depths:1 | Found Ceudog's Jewellery Shop.
 60506 | Depths:1 | Found Qopoufee's Gadget Emporium.
 60525 | Depths:1 | Bought a tin of tremorstones (3/3) for 480 gold pieces
 60667 | Depths:1 | Found Yfalocuo's Elemental Accessories.
 60867 | Depths:1 | Found a gateway to Hell.
 60869 | Depths:1 | Noticed Aizul
 60893 | Depths:1 | Killed Aizul
 61243 | Depths:1 | Reached skill level 10 in Hexes
 61589 | Depths:1 | Found a one-way gate to the infinite horrors of the Abyss.
 61744 | Depths:2 | Found a shattered altar of Ashenzari.
 62089 | Depths:2 | Reached XP level 24. HP: 177/273 MP: 33/36
 62783 | Depths:2 | Identified the ring of Gixes {+Fly Str+3}
 63075 | Depths:3 | Found a one-way gate leading to the halls of Pandemonium.
 63794 | Depths:3 | Reached skill level 22 in Fighting
 63877 | Depths:3 | Found the amulet of the Air {Inacc +Fly rElec EV+5 RMsl}
 64354 | Depths:4 | Found a gateway to a ziggurat.
 64654 | Depths:4 | Noticed an ancient lich
 64656 | Depths:4 | Reached skill level 23 in Fighting
 64667 | Depths:4 | Killed an ancient lich
 65033 | Depths:4 | Identified the Almanac of Orientation and Black Rituals
 65213 | Depths:4 | Reached skill level 24 in Fighting
 65214 | Depths:4 | Reached XP level 25. HP: 250/289 MP: 30/36
 65530 | Depths:4 | Reached skill level 25 in Fighting
 65934 | Depths:4 | Noticed a juggernaut
 65950 | Depths:4 | Killed a juggernaut
 65950 | Depths:4 | Reached skill level 26 in Fighting
 66433 | Depths:4 | Learned a level 4 spell: Passage of Golubria
 66435 | Depths:5 | Entered Level 5 of the Depths
 66686 | Depths:5 | Reached skill level 5 in Translocations
 66817 | Depths:5 | Reached skill level 27 in Fighting
 66842 | Depths:5 | Reduced skill Hexes to level 10
 67245 | Depths:5 | Reached XP level 26. HP: 269/314 MP: 28/36
 67542 | Depths:5 | Found a gate to the Realm of Zot.
 68325 | Vaults:5 | Entered Level 5 of the Vaults
 68850 | Vaults:5 | Identified the ring of Devotion {rN+ Stlth-}
 68850 | Vaults:5 | Noticed Jory
 68868 | Vaults:5 | Killed Jory
 69092 | Vaults:5 | Reached skill level 10 in Spellcasting
 69506 | Vaults:5 | Identified the amulet of Wataoxi Vifi {Reflect rF++ SH+5}
 69545 | Vaults:5 | Reached XP level 27. HP: 288/323 MP: 24/38
 69624 | Vaults:5 | Identified the ring of Lontathoeh {+Fly MR+ Str-5 Int+2
                  | Dex+4}
 70065 | Vaults:5 | Identified the amulet of Betupiuf {Inacc rC+ Dex+6}
 70083 | Vaults:5 | Identified Pesient's Incunabulum of Clay and Dislocation
 70214 | Vaults:5 | Learned a level 5 spell: Summon Mana Viper
 70347 | Vaults:5 | Learned a level 5 spell: Borgnjor's Vile Clutch
 70392 | Vaults:5 | Reached skill level 1 in Necromancy
 70548 | Vaults:5 | Got a silver rune of Zot
 71418 | Slime:1  | Entered Level 1 of the Pits of Slime
 72103 | Slime:4  | Found a viscous altar of Jiyva.
 72108 | Slime:5  | Entered Level 5 of the Pits of Slime
 72143 | Slime:5  | Gained mutation: You are clumsy. (Dex -2) [a shining eye]
 72158 | Slime:5  | Reached skill level 15 in Spellcasting
 72263 | Slime:5  | Noticed the Royal Jelly
 72265 | Slime:5  | Paralysed by a floating eye for 4 turns
 72274 | Slime:5  | Paralysed by a floating eye for 4 turns
 72777 | Slime:5  | Paralysed by a floating eye for 2 turns
 72779 | Slime:5  | Lost mutation: You are clumsy. (Dex -2) [a shining eye]
 72849 | Slime:5  | Paralysed by a floating eye for 2 turns
 72971 | Slime:5  | Killed the Royal Jelly
 73267 | Slime:5  | Identified the +8 dire flail of Yeast {vorpal, Int+7}
 73269 | Slime:5  | Identified the +11 broad axe "Backscratcher" {flame, Str+3}
 73270 | Slime:5  | Identified the ring "Nomadaith" {+Inv Dex+6}
 73270 | Slime:5  | Identified the +9 glaive "Omoif" {venom, *Drain rElec MR++
                  | Dex+4}
 73384 | Slime:5  | Identified the Almanac of Ensnaring Translocation
 73387 | Slime:5  | Got a slimy rune of Zot
 73704 | Slime:2  | Gained mutation: Your magical capacity is low. (-10% MP) [a
                  | shining eye]
 73708 | Slime:2  | Gained mutation: Your magical capacity is very low. (-20%
                  | MP) [a shining eye]
 73875 | Slime:2  | Reached skill level 5 in Axes
 74325 | Crypt:1  | Entered Level 1 of the Crypt
 75269 | Crypt:2  | Reached skill level 10 in Axes
 75587 | Crypt:2  | Reduced skill Short Blades to level 5
 75704 | Crypt:2  | Noticed Boris
 75710 | Crypt:2  | Killed Boris
 75960 | Crypt:3  | Entered Level 3 of the Crypt
 76173 | Crypt:3  | Found an ancient bone altar of Kikubaaqudgha.
 76281 | Crypt:3  | Identified the +1 leather armour "Ecsu" {Slay+2}
 76339 | Crypt:3  | Reached skill level 5 in Necromancy
 76902 | Crypt:3  | Found a staircase to the Tomb.
 76902 | Crypt:3  | Noticed Khufu
 76914 | Crypt:3  | Killed Khufu
 77902 | Zot:1    | Entered Level 1 of the Realm of Zot
 78164 | Zot:1    | Identified the +11 war axe of Winter {vorpal, +Rage Str+5}
 78359 | Zot:1    | Reached skill level 10 in Necromancy
 79971 | Zot:3    | Noticed an orb of fire
 79992 | Zot:3    | Gained mutation: Scrolls take you a little longer to read.
                  | [an orb of fire]
 79994 | Zot:3    | Killed an orb of fire
 80046 | Zot:3    | Lost mutation: Scrolls take you a little longer to read.
                  | [potion of mutation]
 80046 | Zot:3    | Lost mutation: Your magical capacity is very low. (-20% MP)
                  | [potion of mutation]
 80046 | Zot:3    | Lost mutation: You have sharp toenails. [potion of
                  | mutation]
 80046 | Zot:3    | Gained mutation: You are clumsy. (Dex -2) [potion of
                  | mutation]
 80046 | Zot:3    | Gained mutation: You have a pair of small horns on your
                  | head. [potion of mutation]
 80046 | Zot:3    | Gained mutation: You are partially covered in large bone
                  | plates. (SH +4) [potion of mutation]
 80840 | Zot:3    | Reached skill level 15 in Axes
 81924 | Vaults:2 | You paid a toll of 5 scrolls of fear to enter a treasure
                  | trove
 81925 | Trove    | Entered a treasure trove
 82555 | Zot:4    | HP: 17/419 [black draconian/+0 glaive (20)]
 82556 | Zot:4    | HP: 8/419 [electric golem (5)]
 82556 | Zot:4    | Mangled by a red draconian monk

Illustrated notes

Levels and vault maps discovered:
D:1:      dpeg_arrival_short_road, layout_basic
D:2:      layout_loops_ring
D:3:      layout_loops_corners, cheibrodos_gnoll_hut
D:4:      layout_loops_cross, first_ration, gammafunk_ghost_split, uniq_sigmund
D:5:      layout_basic, nemelex_xobeh_ov_fountains_minmay, kennysheep_ying_yang,
          ebering_ghost_reflecting_pool, uniq_pikel, uniq_duvessa
D:6:      layout_gridville, kennysheep_little_box, enter_ossuary_2,
          chequers_serial_rivers_small_b
D:7:      layout_loops_ring, minmay_temple_entry_trees, uniq_joseph
D:8:      layout_basic, uniq_maggie
D:9:      layout_basic, david_lair_generic, serial_shops, shop,
          kennysheep_mini_moat, nicolae_shop_stone, shop, uniq_psyche
D:10:     layout_rooms, basic_altar, uniq_sonja
D:11:     layout_roguey [special_room_orc], enter_bailey_3,
          kb_lookout_dungeons_type, hangedman_stone_soup
D:12:     layout_basic
D:13:     layout_roguey, special_room [special_room_orc], nicolae_blasting_shop,
          uniq_maurice
D:14:     kennysheep_seaside_town, layout_loops_ring,
          grunt_vaults_entry_fortified, serial_park_square1
          [serial_park_minivault_5x5_5], serial_shops, shop
D:15:     hangedman_depths_entry_civil_slaughter, layout_stronghold,
          minmay_misc_feat_roman, pond
Temple:   compressed_dpeg_circular_temple
Lair:1:   layout_chaotic_city, uniq_harold
Lair:2:   wander_river, layout_regular_city, spider_nest_entry_a
Lair:3:   layout_layer_cave, elwin_shoals_entry_stream, portal_ice_cave_rime,
          lemuel_fruit_fields, grunt_megastairs_5, uniq_urug
Lair:4:   layout_concentric_octagons, fungi_pond_lemuel, serial_bayou_shore_b,
          lemuel_fruit_tree, serial_bayou_shore_b
Lair:5:   layout_loops_ring, minmay_slime_entry_pillars, enter_volcano_1,
          chequers_serial_rivers_micro_c, beast_lair_carwin_11
Lair:6:   evilmike_catoblepas_cave, layout_gridlike
Shoals:1: layout_shoals, st_cyclops
Shoals:2: layout_shoals, nicolae_island_escapes
Shoals:3: layout_shoals
Shoals:4: shoals_end_hangedman, layout_shoals
Spider:1: layout_spider_delve
Spider:2: nicolae_spider_mines_2, gammafunk_ghost_cemetery
Spider:3: layout_spider_delve, nicolae_orb_island
Spider:4: grunt_spider_rune_parallel, uniq_arachne
Slime:1:  layout_caves
Slime:2:  layout_caves
Slime:3:  layout_caves
Slime:4:  layout_caves, basic_altar, cheibrodos_slime_lost_civilization_7
Slime:5
Orc:1:    layout_caves, mines2_lemuel
Orc:2:    st_orc_elflike, layout_diamond_mine, lemuel_statue_altar
Elf:1:    eino_elf_arrival_shootout, layout_geoelf_grid,
          minmay_elf_crystal_hexagon, nicolae_elf_big_sculpture_3
Elf:2:    layout_geoelf_octagon, serial_shops, shop_statue, nicolae_rare_books,
          minmay_misc_feat_rows, minivault_4, minmay_misc_feat_pillars,
          st_stairs_8
Elf:3:    minmay_elf_hall_quartered_circle, layout_onion_city, serial_shops,
          shop_statue, uniq_roxanne
Vaults:1: grunt_vaults_trifunnel, ontoclasm_vaults_ring_square,
          vaults_standard_mumra_enter_the_diamond,
          nicolae_vaults_network_barrier, grunt_vaults_bifocal,
          hangedman_vaults_trim, nicolae_vaults_big_angled_halls,
          grunt_vaults_focal, grunt_vaults_hallway_short,
          hangedman_vaults_restitches, nicolae_vaults_ninety_degrees,
          nicolae_vaults_little_squares_3, ontoclasm_vaults_twist,
          nicolae_vaults_statue_guard, layout_vaults_omnibox, serial_shops, shop
Vaults:2: ontoclasm_vaults_claustrophobia, vaults_room_fancy_cross,
          vaults_room_octagon, nicolae_vaults_network_star,
          hangedman_vaults_impose, ontoclasm_vaults_idyll,
          nicolae_vaults_alarming, nicolae_vaults_an_arrangement, v_misc_30,
          v_misc_10, vaults_mumra_minichess_inversion,
          layout_vaults_chaotic_city, nicolae_trove_entry_path_of_doom,
          serial_shops, shop
Vaults:3: nicolae_vaults_little_ls, minmay_crypt_entry_simple_walls,
          vaults_standard_mumra_enter_the_diamond,
          nicolae_vaults_yaktaur_gun_rack, v_alt_pattern_5,
          hangedman_vaults_hat, v_misc_1, vaults_standard_mumra_lines,
          layout_vaults_maze_snakey, serial_shops, shop, shop_coins,
          infiniplex_enter_wizlab_glasses
Vaults:4: hangedman_vaults_snaps, vaults_standard_mumra_enter_the_diamond,
          ontoclasm_vaults_misaligned, nicolae_vaults_little_squares_2,
          ontoclasm_vaults_fire_temple, vaults_mumra_minichess,
          nicolae_vaults_theta, hangedman_vaults_maws, v_misc_10,
          nicolae_vaults_little_squares_2, vaults_standard_mumra_x,
          serial_ice_m, layout_vaults_ring
Vaults:5: uniq_jory
Crypt:1:  layout_misc_corridors, grunt_crypt_arrival_webbed
Crypt:2:  layout_misc_corridors, uniq_boris
Crypt:3:  grunt_crypt_end_deaths_head
Depths:1: layout_twisted_cross, abyss_entry_small_statue_room,
          hangedman_coc_ice_floe, eino_curves_04, nicolae_elemental_shop,
          minmay_misc_feat_plants, hangedman_decor_opposing,
          nicolae_twisting_strands, nicolae_two_hexagons, minmay_shop_grove,
          uniq_aizul
Depths:2: minmay_glassy_protrusions, layout_basic, serial_rivers,
          chequers_serial_rivers_micro_b, chequers_serial_rivers_small_3,
          chequers_serial_rivers_marsh, chequers_serial_rivers_micro_c,
          chequers_serial_rivers_micro_e, grunt_hell_horde,
          hangedman_abyss_entry_splay, minmay_misc_feat_square,
          evilmike_ruin_ashenzari
Depths:3: evilmike_cross, layout_cave_shapes, rand_demon_pan_entry_7,
          abyss_entry, pf_vacation_house_of_asmodeus, minmay_misc_feat_iff,
          kennysheep_generic_room_9, grunt_megastairs_2
Depths:4: grunt_bent_corner, layout_cave_pools, enter_ziggurat_c, hell_entry,
          serial_bayou_pond_d, special_room [special_room_magic_class],
          abyss_entry, kennysheep_pointless_box
Depths:5: grunt_zot_entry_gee_three, layout_gridville, rand_demon_pan_entry_1,
          hangedman_decor_push, hell_entry, nrook_mini_backslash
Zot:1:    layout_gridlike
Zot:2:    grunt_twist_and_shout, layout_onion_interference
Zot:3:    layout_cathedral_of_symmetry, grunt_megastairs_4
Zot:4:    layout_onion

Skill      XL: |  1  2  3  4  5  6  7  8  9 10 11 12 13 14 15 16 17 18 19 20 21 22 23 24 25 26 27 |
---------------+----------------------------------------------------------------------------------+-----
Fighting       | 2 3 4 5 8 10 13 18 19 20 21 24 27 | 27.0
Hexes          | 3 5 6 7 8 11 13 10 | 10.4
Spellcasting   | 3 4 5 7 9 11 17 | 17.3
Translocations | 1 8 |  8.8
Polearms       | 2 5 7 |  7.7
Throwing       | 3 5 7 13 14 15 18 | 18.2
Short Blades   | 7 9 10 4 |  4.2
Evocations     | 1 3 4 11 13 | 13.4
Earth Magic    | 3 4 5 7 |  7.2
Armour         | 4 8 9 11 12 13 14 | 14.3
Shields        | 6 9 12 | 12.3
Dodging        | 6 11 13 | 13.6
Transmutations | 6 7 10 11 | 11.4
Air Magic      | 2 3 |  3.0
Summonings     | 6 |  6.1
Staves         | 2 |  2.1
Necromancy     | 12 | 12.4
Axes           | 15 | 15.1

Action                   |  1- 3 |  4- 6 |  7- 9 | 10-12 | 13-15 | 16-18 | 19-21 | 22-24 | 25-27 || total
-------------------------+-------+-------+-------+-------+-------+-------+-------+-------+-------++-------
Melee: Unarmed           |    21 |       |       |       |       |       |       |       |       ||    21
       Dagger            |    75 |       |       |       |       |       |       |       |       ||    75
       Whip              |    53 |   167 |     4 |       |       |       |       |       |       ||   224
       Trident           |       |   100 |   794 |       |       |       |       |       |       ||   894
       Rapier            |       |       |       |   613 |  1327 |  1282 |  1751 |  1523 |  1371 ||  7867
       Kick              |       |       |       |       |       |       |       |   591 |   922 ||  1513
       Broad axe         |       |       |       |       |       |       |       |       |   627 ||   627
       Headbutt          |       |       |       |       |       |       |       |       |    45 ||    45
Throw: Large rock        |    24 |    46 |    61 |    33 |    15 |     8 |    47 |   217 |   476 ||   927
       Throwing net      |     2 |     2 |     1 |       |       |       |       |       |       ||     5
       Boomerang         |       |       |    11 |       |       |       |       |       |       ||    11
       Javelin           |       |       |       |       |    11 |       |    12 |    40 |    30 ||    93
 Cast: Corona            |    15 |    18 |    40 |     2 |       |       |       |       |       ||    75
       Slow              |     1 |    17 |    27 |     4 |     3 |       |       |       |       ||    52
       Portal Projectile |       |    16 |    24 |    10 |     1 |       |    11 |    21 |    44 ||   127
       Confusing Touch   |       |       |       |     1 |     1 |       |       |       |       ||     2
       Statue Form       |       |       |       |       |       |       |       |     1 |     7 ||     8
       Passage of Golubr |       |       |       |       |       |       |       |       |     1 ||     1
       Invisibility      |       |       |       |       |       |       |       |       |     5 ||     5
       Aura of Abjuratio |       |       |       |       |       |       |       |       |     1 ||     1
       Borgnjor's Vile C |       |       |       |       |       |       |       |       |     1 ||     1
Invok: Curse Item        |       |       |       |     3 |     2 |     2 |     1 |       |     2 ||    10
       Scrying           |       |       |       |       |       |       |       |     2 |       ||     2
       Transfer Knowledg |       |       |       |       |       |       |       |       |     3 ||     3
       End Transfer Know |       |       |       |       |       |       |       |       |     1 ||     1
 Abil: Evoke Blink       |       |       |       |       |       |       |       |     1 |     3 ||     4
Evoke: Tin of tremorston |       |       |       |       |     1 |       |     3 |     3 |     4 ||    11
  Use: Potion            |     2 |     1 |       |     1 |       |     4 |     2 |     2 |     3 ||    15
       Scroll            |       |     9 |     1 |    10 |     4 |    10 |     3 |     1 |     5 ||    43
 Stab: Sleeping          |       |       |     1 |       |       |       |       |       |       ||     1
       Confused          |       |       |       |     1 |     3 |       |       |       |       ||     4
       Petrified         |       |       |       |       |     3 |       |       |       |       ||     3
       Invisible         |       |       |       |       |       |       |       |       |    30 ||    30
  Eat: Chunk             |     5 |     8 |    14 |    26 |    33 |    24 |    31 |    34 |    28 ||   203
       Ration            |       |     3 |     4 |     1 |     2 |       |     1 |     2 |     9 ||    22
Armor: Robe              |    66 |   111 |   250 |    21 |       |       |       |       |       ||   448
       Swamp dragon scal |       |       |       |   170 |    70 |       |       |       |       ||   240
       Gold dragon scale |       |       |       |       |   159 |   388 |   276 |   311 |   517 ||  1651
       Skin              |       |       |       |       |       |       |       |     2 |    83 ||    85
Dodge: Dodged            |   128 |   175 |   352 |   369 |   120 |   234 |    93 |   134 |   348 ||  1953
Block: Kite shield       |       |       |       |    36 |   897 |  1400 |  1083 |  1243 |  1948 ||  6607
       Reflection        |       |       |       |       |    41 |    22 |   183 |   152 |    94 ||   492

Table legend:
 A = Non-vault XP
 B = Vault XP
 C = Vault XP percentage of total XP
 D = Non-vault monster count
 E = Vault monster count
 F = Vault count percentage of total count
                 A         B        C        D         E       F
            +---------+---------+-------+---------+---------+-------
      Total |  863719 |  812842 |  48.5 |    1636 |    1047 |  39.0
            +---------+---------+-------+---------+---------+-------
        D:1 |      32 |       0 |   0.0 |      18 |       0 |   0.0
        D:2 |     173 |       0 |   0.0 |      24 |       0 |   0.0
        D:3 |      88 |      96 |  52.2 |      12 |       3 |  20.0
        D:4 |     382 |     227 |  37.3 |      10 |       1 |   9.1
        D:5 |     471 |     812 |  63.3 |      14 |       3 |  17.6
        D:6 |    1425 |       0 |   0.0 |      29 |       0 |   0.0
        D:7 |    1420 |     455 |  24.3 |      39 |       1 |   2.5
        D:8 |    3569 |     398 |  10.0 |      13 |       1 |   7.1
        D:9 |    3452 |    1544 |  30.9 |      25 |       5 |  16.7
       D:10 |    2470 |     788 |  24.2 |      17 |       1 |   5.6
       D:11 |    4541 |    2626 |  36.6 |      32 |      35 |  52.2
       D:12 |    8280 |       0 |   0.0 |      31 |       0 |   0.0
       D:13 |    8362 |    1056 |  11.2 |      35 |      25 |  41.7
       D:14 |   12979 |    8466 |  39.5 |      52 |      33 |  38.8
       D:15 |   10361 |    5138 |  33.2 |      24 |       9 |  27.3
     Lair:1 |    2101 |     997 |  32.2 |       8 |       1 |  11.1
     Lair:2 |    3967 |     908 |  18.6 |      16 |       3 |  15.8
     Lair:3 |    1329 |    3075 |  69.8 |       7 |       8 |  53.3
     Lair:4 |    4705 |       0 |   0.0 |      15 |       0 |   0.0
     Lair:5 |    2148 |    1118 |  34.2 |       9 |       7 |  43.8
     Lair:6 |   20238 |   12800 |  38.7 |      48 |      23 |  32.4
   Shoals:1 |    4595 |    5560 |  54.8 |       7 |       8 |  53.3
   Shoals:2 |    7039 |       0 |   0.0 |      16 |       0 |   0.0
   Shoals:3 |    4838 |       0 |   0.0 |       9 |       0 |   0.0
   Shoals:4 |   24735 |   20030 |  44.7 |      43 |      29 |  40.3
   Spider:1 |   18624 |       0 |   0.0 |      45 |       0 |   0.0
   Spider:2 |    9439 |    8015 |  45.9 |      28 |      10 |  26.3
   Spider:3 |   14977 |    2487 |  14.2 |      48 |       5 |   9.4
   Spider:4 |   21275 |   26851 |  55.8 |      61 |      52 |  46.0
    Slime:1 |    9219 |       0 |   0.0 |      11 |       0 |   0.0
    Slime:2 |   10147 |       0 |   0.0 |      24 |       0 |   0.0
    Slime:3 |   10327 |       0 |   0.0 |      22 |       0 |   0.0
    Slime:4 |    8209 |       0 |   0.0 |      13 |       0 |   0.0
    Slime:5 |   24326 |   27615 |  53.2 |      32 |      12 |  27.3
      Orc:1 |    3041 |       0 |   0.0 |      24 |       0 |   0.0
      Orc:2 |    2177 |    8430 |  79.5 |      41 |      25 |  37.9
      Elf:1 |   20084 |    6056 |  23.2 |      34 |      11 |  24.4
      Elf:2 |   19232 |   21530 |  52.8 |      36 |      28 |  43.8
      Elf:3 |   25775 |   50364 |  66.1 |      43 |      35 |  44.9
   Vaults:1 |   34911 |    9420 |  21.2 |      60 |      13 |  17.8
   Vaults:2 |   41913 |   26753 |  39.0 |      78 |      40 |  33.9
   Vaults:3 |   31860 |   17842 |  35.9 |      50 |      29 |  36.7
   Vaults:4 |   22664 |   44627 |  66.3 |      34 |      54 |  61.4
   Vaults:5 |   51038 |  130320 |  71.9 |      61 |      81 |  57.0
    Crypt:1 |   18089 |       0 |   0.0 |      38 |       0 |   0.0
    Crypt:2 |   21185 |    5382 |  20.3 |      29 |       1 |   3.3
    Crypt:3 |       0 |   82287 | 100.0 |       0 |     122 | 100.0
   Depths:1 |   36957 |    1701 |   4.4 |      49 |       2 |   3.9
   Depths:2 |   27382 |   14372 |  34.4 |      29 |      14 |  32.6
   Depths:3 |   21007 |   27563 |  56.7 |      33 |      29 |  46.8
   Depths:4 |    9749 |  140503 |  93.5 |       9 |      95 |  91.3
   Depths:5 |   52928 |   26011 |  33.0 |      52 |      18 |  25.7
      Zot:1 |   15128 |       0 |   0.0 |       7 |       0 |   0.0
      Zot:2 |   56880 |   21358 |  27.3 |      33 |      20 |  37.7
      Zot:3 |   56483 |    8552 |  13.1 |      37 |       4 |   9.8
      Zot:4 |   34993 |       0 |   0.0 |      22 |       0 |   0.0
    Ossuary |       0 |     547 | 100.0 |       0 |      40 | 100.0
     Bailey |       0 |     352 | 100.0 |       0 |      34 | 100.0
      IceCv |       0 |   11086 | 100.0 |       0 |      41 | 100.0
    Volcano |       0 |    1359 | 100.0 |       0 |       4 | 100.0
     WizLab |       0 |   25365 | 100.0 |       0 |      32 | 100.0
            +---------+---------+-------+---------+---------+-------
